AoeStats
← EmirR6S

Black Forest

506674224Analyzed
4v4 RM · 17d ago on Sep 14, 2026· 75m 52s· 8 players
Game mode
Random Map
Map size
Large (8 player)
Population
200
Speed
Normal
Resources
Standard
Victory
Conquest
Starting age
Dark Age
Ending age
Imperial Age
RankedLock teamsTeams togetherTeam positionsShared explorationLock speedFull tech treeHidden civsTurbo modeCheats
Victory
Defeat
🇺🇿 Italians · Uzbekistan
883
+15
🇹🇷 Turks · Türkiye
862
+16
🇩🇪 Inca · Germany
806
+19
🇲🇽 Maya · Mexico
806
+19
🇷🇴 Slavs · Romania
935
-20
🇷🇴 Bulgarians · Romania
911
-19
🇨🇳 Franks · China
812
-15
🇷🇴 Khitans · Romania
803
-15
runningelmi
0:39 Loom
13:25 Feudal Age
14:34 Champi Runner
15:32 Horse Collar
15:38 Double-Bit Axe
16:58 Forging
16:49 Scale Mail Armor
21:58 Castle Age
21:50 Gold Mining
21:53 Stone Mining
23:33 Bow Saw
23:25 Heavy Plow
28:22 Wheelbarrow
34:21 Imperial Age
32:40 Chain Mail Armor
34:37 Sanctity
34:13 Fletching
34:24 Padded Archer Armor
35:24 Conscription
36:21 Caravan
36:30 Pikeman
37:57 Leather Archer Armor
37:38 Bodkin Arrow
38:27 Hoardings
37:57 Andean Sling
38:53 Town Watch
40:15 Ring Archer Armor
39:29 Capped Ram
41:04 Iron Casting
39:55 Elite Skirmisher
42:48 Murder Holes
43:56 Ballistics
44:47 Blast Furnace
47:47 Chemistry
46:58 Fortified Wall
48:35 Hand Cart
50:16 Coinage
49:56 Guilds
50:16 Thumb Ring
52:03 Town Patrol
52:47 Halberdier
53:28 Squires
53:13 Arson
65:23 Onager
65:36 Champi Warrior
67:20 Elite Champi Warrior
68:39 Plate Mail Armor
71:07 Siege Ram
Sole
0:27 Loom
11:44 Feudal Age
14:05 Double-Bit Axe
19:29 Castle Age
17:40 Horse Collar
18:29 Stone Mining
21:37 Wheelbarrow
23:42 Hand Cart
23:21 Gold Mining
25:33 Gold Shaft Mining
26:10 Heavy Plow
28:30 Caravan
29:01 Bow Saw
32:29 Imperial Age
29:49 Fishing Lines
31:05 Forging
30:46 Fletching
30:59 Padded Archer Armor
31:08 Scale Barding Armor
31:33 Ballistics
30:55 Treadmill Crane
31:27 Masonry
31:39 Murder Holes
31:48 Gillnets
33:06 Bodkin Arrow
33:27 Leather Archer Armor
33:47 Conscription
35:08 Two-Man Saw
35:46 Bracer
36:17 Ring Archer Armor
36:23 Iron Casting
36:09 Chain Barding Armor
36:23 Elite Janissary
38:03 Artillery
39:36 Husbandry
39:47 Bloodlines
57:31 Blast Furnace
JUANITO_METEORO
0:30 Loom
14:39 Feudal Age
19:46 Double-Bit Axe
19:53 Town Watch
23:53 Castle Age
22:31 Horse Collar
24:10 Wheelbarrow
34:17 Stone Mining
38:14 Imperial Age
35:51 Fletching
36:29 Stone Mining
36:30 Gold Mining
37:57 Padded Archer Armor
37:53 Bodkin Arrow
37:22 Crossbowman
38:02 Murder Holes
38:18 Fortified Wall
39:02 Thumb Ring
39:49 Arbalester
39:53 Elite Skirmisher
41:23 Bracer
42:20 Ballistics
43:01 Chemistry
42:23 Leather Archer Armor
44:45 Ring Archer Armor
44:25 Forging
44:16 Scale Mail Armor
47:45 Iron Casting
47:26 Chain Mail Armor
51:46 Caravan
54:55 Blast Furnace
54:26 Plate Mail Armor
56:13 Coinage
55:54 Guilds
57:57 Conscription
57:52 Bow Saw
58:25 Stone Shaft Mining
58:52 Holcans
60:52 Pikeman
61:33 Squires
61:18 Arson
60:54 Eagle Warrior
63:26 Halberdier
72:43 Elite Eagle Warrior
72:44 Man-at-Arms
DF
0:28 Loom
13:01 Feudal Age
14:22 Wheelbarrow
13:29 Horse Collar
13:37 Double-Bit Axe
16:17 Gold Mining
16:18 Stone Mining
20:11 Castle Age
21:38 Bow Saw
21:31 Heavy Plow
25:13 Masonry
24:46 Treadmill Crane
25:27 Ballistics
26:26 Murder Holes
29:14 Fletching
29:24 Padded Archer Armor
32:50 Imperial Age
30:11 Town Watch
31:38 Bodkin Arrow
31:53 Forging
31:44 Scale Mail Armor
31:47 Caravan
32:28 Fortified Wall
32:37 Hand Cart
33:55 Silk Road
33:57 Conscription
34:43 Two-Man Saw
34:19 Crop Rotation
33:54 Man-at-Arms
34:34 Squires
34:20 Arson
35:01 Town Patrol
37:04 Chemistry
36:35 Architecture
35:56 Heated Shot
35:58 Guard Tower
36:53 Coinage
37:08 Stone Shaft Mining
37:29 Bracer
37:45 Leather Archer Armor
37:45 Chain Mail Armor
38:06 Iron Casting
37:06 Long Swordsman
38:34 Elite Genoese Crossbowman
40:34 Ring Archer Armor
40:34 Plate Mail Armor
40:10 Scale Barding Armor
42:13 Hoardings
45:31 Two-Handed Swordsman
45:32 Pikeman
48:52 Bombard Tower
49:07 Keep
48:18 Arrowslits
52:10 Banking
51:51 Guilds
57:50 Champion
74:58 Bloodlines
74:48 Husbandry
74:09 Cavalier
George Droyd
0:42 Loom
13:36 Feudal Age
17:33 Castle Age
17:19 Man-at-Arms
22:21 Double-Bit Axe
22:31 Horse Collar
25:58 Heavy Plow
27:18 Wheelbarrow
29:20 Hand Cart
31:09 Bow Saw
31:28 Gold Mining
32:44 Gold Shaft Mining
36:02 Imperial Age
33:52 Long Swordsman
34:37 Scale Mail Armor
34:47 Forging
36:12 Detinets
36:08 Two-Handed Swordsman
38:03 Onager
40:18 Two-Man Saw
39:43 Champion
40:28 Pikeman
41:38 Caravan
45:21 Halberdier
47:16 Chain Mail Armor
47:36 Iron Casting
49:07 Stone Mining
52:33 Conscription
52:14 Druzhina
52:40 Squires
53:40 Plate Mail Armor
56:16 Chemistry
54:41 Siege Onager
55:50 Elite Boyar
66:12 Blast Furnace
65:18 Scale Barding Armor
EmirR6S
12:11 Feudal Age
13:03 Double-Bit Axe
17:15 Castle Age
15:18 Loom
17:08 Forging
17:34 Arson
20:16 Bow Saw
21:16 Wheelbarrow
21:06 Horse Collar
26:25 Gold Mining
26:25 Stone Mining
28:00 Hand Cart
28:13 Stone Mining
28:12 Town Watch
29:47 Gold Shaft Mining
29:47 Stone Shaft Mining
30:45 Thumb Ring
31:07 Town Patrol
31:46 Stone Shaft Mining
31:25 Padded Archer Armor
32:45 Heavy Plow
32:56 Squires
32:44 Gambesons
32:24 Pikeman
33:16 Caravan
37:49 Imperial Age
36:20 Ballistics
37:52 Onager
38:40 Siege Engineers
39:36 Chemistry
38:47 Bagains
38:49 Scale Mail Armor
38:41 Fletching
39:52 Conscription
40:42 Iron Casting
40:23 Chain Mail Armor
40:04 Bodkin Arrow
40:28 Leather Archer Armor
42:56 Blast Furnace
42:26 Plate Mail Armor
41:56 Bracer
41:20 Halberdier
42:59 Siege Onager
46:45 Elite Konnik
54:25 Crop Rotation
64:04 Capped Ram
64:41 Heavy Scorpion
MDS Destroyer
0:40 Loom
12:30 Feudal Age
17:36 Castle Age
16:00 Double-Bit Axe
15:57 Domestication
18:26 Bow Saw
20:17 Gold Mining
22:00 Wheelbarrow
22:28 Fishing Lines
24:16 Stone Mining
26:59 Pastoralism
26:57 Gillnets
30:30 Imperial Age
30:02 Pikeman
30:46 Squires
31:00 Forging
30:51 Scale Mail Armor
31:28 Lamellar Armor
32:10 Hand Cart
32:59 Conscription
33:05 Caravan
35:13 Two-Man Saw
35:03 Fletching
35:14 Padded Archer Armor
36:34 Transhumance
35:49 Elite Skirmisher
38:26 Thumb Ring
39:38 Chemistry
39:06 Town Watch
40:49 Siege Engineers
40:54 Fortified Wall
41:07 Ballistics
40:57 Elite Liao Dao
42:26 Iron Casting
43:44 Ordo Cavalry
45:15 Parthian Tactics
47:53 Elite Steppe Lancer
48:34 Husbandry
48:54 Chain Mail Armor
48:45 Scale Barding Armor
48:55 Leather Archer Armor
48:36 Bodkin Arrow
50:31 Chain Barding Armor
50:45 Plate Mail Armor
54:23 Light Cavalry
55:38 Ring Archer Armor
55:09 Bracer
55:44 Plate Barding Armor
57:21 Hussar
山猪佩奇y
10:53 Feudal Age
11:30 Double-Bit Axe
12:23 Wheelbarrow
17:47 Castle Age
16:44 Gold Mining
16:45 Stone Mining
20:09 Gold Shaft Mining
19:48 Bow Saw
20:11 Hand Cart
27:01 Caravan
30:19 Imperial Age
30:56 Loom
30:59 Town Watch
34:18 Forging
34:15 Scale Barding Armor
34:35 Conscription
35:10 Husbandry
34:35 Cavalier
35:41 Chain Barding Armor
35:58 Iron Casting
36:46 Paladin
39:14 Blast Furnace
38:50 Plate Barding Armor
40:51 Guard Tower
40:51 Arrowslits
41:29 Ballistics
50:22 Murder Holes
50:38 Masonry
Connection lost

Rejoining the realm…

Still unreachable

The connection could not be restored.

Session expired

The server has moved on; the page needs a fresh start.